 Dungeon Crawl Stone Soup version 0.30.1-4-g462c640d31 (webtiles) character file.

Game seed: 1514969050648075913

69 Zeor the Shield-Bearer (level 4, -3/55 HPs)
             Began as a Formicid Fighter on Aug 16, 2023.
             Killed from afar by an orc wizard (7 damage)
             ... with a magic dart
             ... on level 3 of the Dungeon.
             The game lasted 00:04:57 (1563 turns).

Zeor the Shield-Bearer (Formicid Fighter)           Turns: 1563, Time: 00:04:58

Health: -3/55      AC: 22    Str: 21    XL:     4   Next: 42%
Magic:  1/4        EV:  2    Int:  7    God:
Gold:   113        SH:  5    Dex: 15    Spells: 3/3 levels left

rFire   . . .        a - +0 long sword
rCold   . . .        c - +0 buckler
rNeg    . . .        b - melded +0 scale mail
rPois   +            (helmet unavailable)
rElec   .            (cloak currently unavailable)
rCorr   .            f - melded +2 pair of gloves {infuse}
SInv    .            h - melded +0 pair of boots
Will    .....        (no amulet)
Stlth   +            (no ring)
HPRegen 0.29/turn    (no ring)
MPRegen 0.09/turn

%: no passive effects
@: tree-form
A: stationary, stasis, torment immunity, boosted hp, permanent stasis, dig
shafts and tunnels, (antennae 3), four strong arms
a: no special abilities


You were on level 3 of the Dungeon.
You were a tree.
You visited 1 branch of the dungeon, and saw 3 of its levels.

You collected 113 gold pieces.

Inventory:

Hand Weapons
 a - a +0 long sword (weapon)
Armour
 b - a +0 scale mail (melded)
 c - a +0 buckler (worn)
 f - a +2 pair of gloves of infusion (melded)
 h - a +0 pair of boots (melded)
Potions
 d - a potion of might
 e - a potion of lignification
 g - a potion of mutation {unknown}
 i - a potion of berserk rage


   Skills:
 + Level 4.1 Fighting
 + Level 2.7 Long Blades
 + Level 3.8 Armour
 + Level 0.1 Dodging
 + Level 4.5 Shields


You had 3 spell levels left.
You didn't know any spells.
Your spell library contained the following spells:

 Spells                   Type           Power      Damage    Failure   Level
 Inner Flame              Hex/Fire       0%         N/A       86%         3
 Yara's Violent Unravell  Hex/Tmut       0%         3d3       100%        5
 Enfeeble                 Hex            0%         N/A       100%        7


Dungeon Overview and Level Annotations

Branches:
Dungeon (2/15)

Altars:


Innate Abilities, Weirdness & Mutations

You are a tree.
Your roots penetrate the ground, keeping you stationary.
You cannot be teleported.
You are immune to unholy pain and torment.
Your maximum health is greatly increased.
Your equipment is partially melded.
You cannot be hasted, slowed, berserked, paralysed or teleported.
You can dig through walls and to a lower floor.
((You have a pair of large antennae on your head. (SInv)))
Your four strong arms can wield two-handed weapons with a shield.


Message History

Really quaff the potion of lignification?
You turn into a tree.
Your +2 pair of gloves of infusion melds into your body.
Your +0 pair of boots melds into your body.
Your +0 scale mail melds into your body.
You feel magic leave your hands.
Your roots penetrate the ground.
The orc barely misses you. Something hits you but does no damage.
Deactivating autopickup; reactivate with Ctrl-A.
You cannot move. (Use ctrl+direction or * direction to attack while stationary and confused.)
You cannot move. (Use ctrl+direction or * direction to attack while stationary and confused.)
You cannot move. (Use ctrl+direction or * direction to attack while stationary and confused.)
You attack the rock wall.
The orc hits you with a +0 mace.
* * * LOW HITPOINT WARNING * * *
Something hits you but does no damage. x2; The orc hits you but does no damage.
You swing at nothing.
Something hits you but does no damage. The orc barely misses you.
You attack the rock wall.
The orc hits you but does no damage. Something hits you but does no damage.
You completely miss the orc.
You feel less confused. The orc hits you but does no damage.
Something hits you but does no damage. x2
The orc hits you but does no damage.
You closely miss the orc. Something hits you but does no damage.
You block the orc's attack.
You hit the orc.
The orc is moderately wounded.
The orc hits you with a +0 mace.
* * * LOW HITPOINT WARNING * * *
You hear some strange, mumbled words.
Something tries to affect you, but you resist.
You barely miss the orc.
The orc is moderately wounded.
The orc hits you but does no damage. Something hits you but does no damage.
You hit the orc but do no damage.
The orc is moderately wounded.
The orc hits you but does no damage.
You hear some strange, mumbled words.
A magic dart appears from out of thin air!
The magic dart hits you!
You die... ∙∙∙∙∙∙∙∙▒▒ ∙∙∙∙∙∙∙∙∙∙

▒∙∙∙∙∙∙∙▒
▒∙∙∙∙∙∙∙▒
▒∙∙∙∙∙∙∙▒
▒∙∙∙∙∙∙∙▒
▒∙∙∙∙∙∙∙■
▒∙{o∙∙∙∙▒
▒▒♣▒▒▒▒▒▒
▒∙▒ ▒∙▒
▒∙▒∙▒
▒∙▒∙▒
▒∙▒∙▒
▒∙▒∙▒
▒∙▒∙▒
▒∙▒∙▒


You could see an orc.

Vanquished Creatures
  3 adders
  2 worms
  3 orcs (D:3)
  5 endoplasms
  2 giant cockroaches
  2 goblins
  4 hobgoblins
  2 ball pythons (D:2)
  2 bats
  7 kobolds
  3 rats
35 creatures vanquished.

Notes
Turn   | Place    | Note
-------+----------+-------------------------------------------
     0 | D:1      | Zeor the Formicid Fighter began the quest for the Orb.
     0 | D:1      | Reached XP level 1. HP: 18/18 MP: 1/1
    13 | D:1      | Found a faded altar of an unknown god.
   126 | D:1      | Reached XP level 2. HP: 18/24 MP: 2/2
   905 | D:2      | Reached XP level 3. HP: 30/30 MP: 0/3
  1177 | D:2      | You fall into a shaft and drop 1 floor!
  1308 | D:3      | Reached XP level 4. HP: 37/37 MP: 2/4
  1563 | D:3      | Killed from afar by an orc wizard

Illustrated notes

Levels and vault maps discovered:
D:1:      erik_arrival_triangle_medium, layout_loops_ring,
          hellmonk_ecumenical_altar_crossroads, kennysheep_decorative_pillar,
          minmay_ruptured
D:2:      layout_rooms
D:3:      layout_basic

Skill      XL: |  1  2  3  4 |
---------------+-------------+-----
Fighting       | 4 |  4.1
Long Blades    | |  2.7
Armour         | |  3.8
Dodging        | |  0.1
Shields        | |  4.5

Action                     |  1- 3 |  4- 6 || total
---------------------------+-------+-------++-------
  Melee: Long sword        |    83 |    34 ||   117
    Use: Scroll            |     2 |     1 ||     3
         Potion            |       |     2 ||     2
 Armour: Scale mail        |    32 |    14 ||    46
         Skin              |       |    15 ||    15
  Dodge: Dodged            |    34 |    12 ||    46
  Block: Buckler           |    19 |    16 ||    35
